 Dungeon Crawl Stone Soup version 0.28.0-43-g3370ac3207 (webtiles) character file.

Game seed: 14975573519059800040

398 protoss039 the Magician (level 6, -17/32 HPs)
             Began as a Deep Elf Fire Elementalist on Mar 25, 2022.
             Killed by an exploding orc wizard (48 damage)
             ... ignited by their inner flame
             ... on level 4 of the Dungeon.
             The game lasted 00:05:58 (4729 turns).

protoss039 the Magician (DEFE)                      Turns: 4729, Time: 00:05:58

Health: -17/32     AC:  2    Str:  5    XL:     6   Next: 53%
Magic:  9/17       EV: 13    Int: 22    God:
Gold:   117        SH:  0    Dex: 15    Spells: 4/17 levels left

rFire   . . .      SeeInvis .   d - +0 short sword
rCold   . . .      Faith    .   (no shield)
rNeg    . . .      Spirit   .   a - +0 robe
rPois   .          Reflect  .   (no helmet)
rElec   .          Harm     .   (no cloak)
rCorr   .          Rampage  .   (no gloves)
Will    .....                   (no boots)
Stlth   ++........              (no amulet)
HPRegen 0.10/turn               (no ring)
MPRegen 0.15/turn               (no ring)

@: no status effects
A: no striking features
a: no special abilities


You were on level 4 of the Dungeon.
You visited 1 branch of the dungeon, and saw 4 of its levels.

You collected 156 gold pieces.
You spent 39 gold pieces at shops.

Inventory:

Hand Weapons
 d - a +0 short sword (weapon)
Armour
 a - a +0 robe (worn)
Jewellery
 i - a ring of resist corrosion
 j - a ring of poison resistance
Wands
 r - a wand of flame (30)
Scrolls
 b - a scroll of immolation {unknown}
 e - a scroll of fear {unknown}
 f - a scroll of vulnerability {unknown}
 g - a scroll of acquirement {unknown}
 k - 3 scrolls of teleportation {unknown}
 l - 3 scrolls of identify {unknown}
 p - 4 scrolls of noise {unknown}
 t - a scroll of torment {unknown}
 u - 2 scrolls of holy word {unknown}
Potions
 c - a potion of cancellation {unknown}
 h - a potion of might {unknown}
 m - a potion of curing
 n - a potion of invisibility {unknown}
 o - a potion of haste {unknown}
 q - a potion of mutation {unknown}
 s - a potion of brilliance {unknown}
 v - a potion of attraction {unknown}


   Skills:
 - Level 3.0 Dodging
 - Level 3.0 Stealth
 + Level 6.2 Spellcasting
 + Level 2.7 Conjurations
 + Level 0.2 Hexes
 + Level 5.6 Fire Magic


You had 4 spell levels left.
You knew the following spells:

 Your Spells              Type           Power      Damage    Failure   Level
a - Foxfire               Conj/Fire      100%       2x1d9     1%          1
b - Scorch                Fire           62%        2d8       1%          2
c - Conjure Flame         Conj/Fire      25%        6-21      4%          3
d - Inner Flame           Hex/Fire       19%        N/A       8%          3
e - Flame Wave            Conj/Fire      25%        2d7       16%         4

Your spell library contained the following spells:

 Spells                   Type           Power      Damage    Failure   Level
 Magic Dart               Conj           76%        1d6       3%          1
 Call Imp                 Summ           6%         N/A       14%         2
 Mephitic Cloud           Conj/Pois/Air  10%        N/A       19%         3
 Gell's Gravitas          Tloc           6%         N/A       26%         3
 Teleport Other           Tloc           6%         N/A       26%         3
 Dispersal                Tloc           3%         N/A       100%        6


Dungeon Overview and Level Annotations

Branches:
Dungeon (4/15)
 Temple: D:4-7

Altars:

Shops:
D:1 !   D:2 (([**

Annotations:
D:4 3 runed translucent doors, dxctxrx's ghost, novice DjFE


Message History

An orc wizard comes into view. It is wielding a +0 dagger.
An orc comes into view. It is wielding a +0 hand axe.
An orc comes into view. It is wielding a +0 flail.
Unknown command.
Casting: Foxfire (safe; 1% risk of failure)
Confirm with . or Enter, or press ? or * to list all spells.
The spell is quite dangerous to miscast (8% risk of failure)!
Continue anyway?
Aiming: Inner Flame (quite dangerous; 8% risk of failure)
Press: ? - help, Dir - move target, f - orc priest
Aim: an orc priest, wielding a +0 hand axe (asleep, chance to affect: 74%)
The orc priest shouts!
The orc priest is filled with an inner flame.
The orc wizard shouts!
You hear an angry growl.
The orc shouts! x2
Unknown command.
Unknown command.
Casting: Inner Flame (quite dangerous; 8% risk of failure)
Confirm with . or Enter, or press ? or * to list all spells.
The spell is quite dangerous to miscast (8% risk of failure)!
Continue anyway?
Aiming: Inner Flame (quite dangerous; 8% risk of failure)
Press: ? - help, Dir - move target, f - orc wizard
Aim: an orc wizard, wielding a +0 dagger and wearing a +0 robe (chance to affect: 74%)
The orc wizard is filled with an inner flame.
A giant cockroach comes into view.
Unknown command.
Unknown command.
Casting: Inner Flame (quite dangerous; 8% risk of failure)
Confirm with . or Enter, or press ? or * to list all spells.
Flames lash the orc priest.
Flame seeps out of the orc priest.
The orc priest is heavily wounded.
The orc priest's fire resistance burns away.
The orc wizard hits you with a +0 dagger.
The orc priest is engulfed in blazing flames.
The orc priest explodes!
The fiery explosion engulfs the orc!!
You kill the orc!
The fiery explosion engulfs the orc wizard!!
The orc wizard explodes!
The fiery explosion engulfs you!!!
Ouch! That really hurt!
You die...

........+
+........#
......###
####.....#
.#..#.# ##.#.##
.#<##.# ###.#
.#.# .# #.# .#..
.# #.# .##. #.#
.# .#
###########.#
#§@.........#
#..○§###########
#..§.§ ###o##
#.. #.. #B. ...


You could see an orc and a giant cockroach.

Vanquished Creatures
  A black bear (D:4)
  3 orc priests
  A bullfrog skeleton (D:4)
  Ijyb (D:4)
  Terence (D:2)
  2 orc wizards
  A howler monkey zombie (D:3)
  A gnoll (D:1)
  4 adders
  A shadow imp (D:3)
  An adder skeleton (D:4)
  2 worms
  3 dart slugs
  5 orcs
  2 endoplasms
  3 giant cockroaches
  6 goblins
  9 hobgoblins
  8 kobolds
  3 quokkas
  7 ball pythons
  2 bats
  3 frilled lizards
  4 rats
74 creatures vanquished.

Vanquished Creatures (others)
  284 foxfires
284 creatures vanquished.

Grand Total: 358 creatures vanquished

Notes
Turn   | Place    | Note
-------+----------+-------------------------------------------
     0 | D:1      | protoss039 the Deep Elf Fire Elementalist began the quest
                  | for the Orb.
     0 | D:1      | Reached XP level 1. HP: 10/10 MP: 6/6
   337 | D:1      | Found Xulereapn's Distillery.
   359 | D:1      | Reached XP level 2. HP: 15/15 MP: 2/8
   762 | D:1      | Reached XP level 3. HP: 19/19 MP: 6/10
  1272 | D:2      | Learned a level 2 spell: Scorch
  1276 | D:2      | Learned a level 3 spell: Conjure Flame
  1344 | D:2      | Found Wiph's Assorted Antiques.
  1507 | D:2      | Found Piwoib's Antique Armour Shoppe.
  1547 | D:2      | Found Tipror Duiwe's General Store.
  1568 | D:2      | Found Mekerch's Antique Weapon Shop.
  1570 | D:2      | Noticed Terence
  1629 | D:2      | Killed Terence
  1630 | D:2      | Reached skill level 4 in Spellcasting
  1630 | D:2      | Reached XP level 4. HP: 24/24 MP: 3/12
  1719 | D:2      | Found Sasipy's Weapon Boutique.
  2358 | D:1      | Bought a potion of curing for 39 gold pieces
  2382 | D:2      | Learned a level 3 spell: Inner Flame
  2567 | D:3      | Reached XP level 5. HP: 17/28 MP: 9/14
  3486 | D:3      | Reached skill level 5 in Spellcasting
  3734 | D:3      | Reached skill level 5 in Fire Magic
  3955 | D:3      | Learned a level 4 spell: Flame Wave
  4054 | D:4      | Noticed a black bear
  4061 | D:4      | Killed a black bear
  4062 | D:4      | Reached XP level 6. HP: 31/32 MP: 6/16
  4226 | D:4      | Noticed Ijyb
  4229 | D:4      | Killed Ijyb
  4498 | D:4      | Found a runed translucent gate.
  4499 | D:4      | Found a runed translucent gate.
  4500 | D:4      | Found a runed translucent gate.
  4502 | D:4      | Noticed dxctxrx's ghost (novice DjFE)
  4511 | D:4      | Reached skill level 6 in Spellcasting
  4729 | D:4      | Killed by an exploding orc wizard... ignited by their inner
                  | flame

Illustrated notes

Levels and vault maps discovered:
D:1:      dpeg_arrival_fog, layout_rooms, serial_shops, shop_fountains,
          dk_noncrumbling_3
D:2:      layout_loops_ring, serial_shops, nicolae_shop_statue_plus,
          nicolae_shop_temple_entry_statues_fountains, nicolae_shop_waterfront,
          nicolae_shop_temple_entry_statues_fountains, shop, uniq_terence
D:3:      layout_basic, grunt_decor_fettered, kennysheep_generic_room_5
D:4:      layout_loops_corners, gammafunk_ghost_necromancy,
          nicolae_figureground_pulse, uniq_ijyb

Skill      XL: |  1  2  3  4  5  6 |
---------------+-------------------+-----
Dodging        | 3 |  3.0
Stealth        | 3 |  3.0
Spellcasting   | 4 5 6 |  6.2
Fire Magic     | 4 5 |  5.6
Conjurations   | 2 |  2.7
Hexes          | |  0.2

Action                   |  1- 3 |  4- 6 || total
-------------------------+-------+-------++-------
Melee: Unarmed           |     5 |       ||     5
       Short sword       |    12 |     2 ||    14
 Cast: Foxfire           |    78 |    91 ||   169
       Scorch            |     8 |    23 ||    31
       Inner Flame       |       |     4 ||     4
Armor: Robe              |     5 |     1 ||     6
Dodge: Dodged            |    18 |    16 ||    34
